 Dungeon Crawl Stone Soup version 0.24-a0-250-g6074511 (webtiles) character file.

Game seed: 14573306487016201335

184 Borgoz the Cutter (level 5, 0/32 HPs)
             Began as a Kobold Gladiator on Apr 14, 2019.
             Succumbed to a scorpion's poison
             ... on level 3 of the Dungeon.
             The game lasted 00:05:53 (3041 turns).

Borgoz the Cutter (Kobold Gladiator)                Turns: 3041, Time: 00:05:54

Health: 0/32       AC:  4    Str: 11 (12) XL:     5   Next: 96%
Magic:  5/5        EV: 17    Int:  6 (9)  God:
Gold:   74         SH:  0    Dex: 16 (17) Spells: 4/4 levels left

rFire    . . .     SeeInvis .   a - +0 rapier
rCold    . . .     Gourm    .   (shield restricted)
rNeg     . . .     Faith    .   b - +0 leather armour
rPois    .         Spirit   .   c - +0 helmet
rElec    .         Reflect  .   (no cloak)
rCorr    .         Harm     .   (no gloves)
MR       .....                  (no boots)
Stlth    ++........             (no amulet)
HPRegen  0.10/turn              (no ring)
MPRegen  0.09/turn              (no ring)

@: lethally poisoned (0 -> -3)
A: small, carnivore
a: no special abilities


You were on level 3 of the Dungeon.
You were completely stuffed.

You visited 1 branch of the dungeon, and saw 4 of its levels.

You collected 74 gold pieces.

Inventory:

Hand Weapons
 a - a +0 rapier (weapon)
Missiles
 d - a throwing net (quivered)
Armour
 b - a +0 leather armour (worn)
 c - a +0 helmet (worn)
Scrolls
 e - 5 scrolls of identify {unknown}
 i - 2 scrolls of remove curse {unknown}
 j - 2 scrolls of teleportation {unknown}
 k - a scroll of fear {unknown}
 l - a scroll of blinking {unknown}
Comestibles
 f - 7 rations


   Skills:
 + Level 3.4 Fighting
 + Level 5.1 Short Blades
 - Level 2.1 Throwing
 + Level 1.6 Armour
 + Level 4.6 Dodging
 + Level 3.0 Stealth


You had 4 spell levels left.
You didn't know any spells.
Your spell library was empty.

Dungeon Overview and Level Annotations

Branches:
Dungeon (4/15)
 Temple: D:4-7

Altars:
Fedhas

Annotations:
D:4 Robin


Innate Abilities, Weirdness & Mutations

You are small and have problems with some larger weapons.
You are carnivorous and can eat meat at any time.


Message History

You feel sick.
* * * LOW HITPOINT WARNING * * *
You feel sick.
* * * LOW HITPOINT WARNING * * *
You feel sick. The goblin hits you but does no damage.
The goblin completely misses you.
* * * LOW HITPOINT WARNING * * *
You feel sick.
* * * LOW HITPOINT WARNING * * *
You feel sick.
The goblin no longer looks unusually strong.
You completely miss the goblin.
The goblin no longer looks unusually strong.
The goblin misses you.
It was a potion of degeneration.
There was something very wrong with that liquid.
You feel weakened.
You feel dopey.
You feel clumsy. The goblin closely misses you.
You closely miss the goblin.
You die...

≈≈≈≈≈≈≈≈.###.....#
≈♣>♣≈≈≈≈..##.....#
...PP≈≈≈≈........#
.P_..≈≈≈≈..#.....#
PP.P.≈≈≈≈..#.l...######
≈P<.≈≈≈≈...#.#.lg.....###
≈≈≈≈≈≈≈≈..>l.###s####...#
≈≈≈≈≈≈≈..#.### #g# #.#.#
≈≈≈≈≈≈..##.# #@####.#.####
.≈≈≈.......#####.#....#....#
.....#####.#.(...(.#######.#
.##### #.#.#.....(..#....#
##########.#[.......#.#.####
#....................#.#
##.#####...#........#...#
[^.#####.##.......(###.##
####..............## #.#


You could see a scorpion, an iguana and 2 goblins.

Vanquished Creatures
  An orc priest (D:3)
  Jessica (D:2)
  4 adders (D:3)
  3 oozes
  A worm (D:3)
  3 dart slugs
  12 orcs (D:3)
  5 bats
  3 giant cockroaches
  6 goblins
  4 hobgoblins
  4 jackals (D:2)
  6 kobolds
  2 frilled lizards (D:2)
  7 rats
62 creatures vanquished.

Notes
Turn   | Place    | Note
-------+----------+-------------------------------------------
     0 | D:1      | Borgoz the Kobold Gladiator began the quest for the Orb.
     0 | D:1      | Reached XP level 1. HP: 12/12 MP: 1/1
   105 | D:1      | Reached XP level 2. HP: 18/18 MP: 2/2
   492 | D:1      | Reached skill level 1 in Stealth
   716 | D:1      | Reached XP level 3. HP: 22/22 MP: 3/3
  1384 | D:2      | Noticed Jessica
  1396 | D:2      | Killed Jessica
  1396 | D:2      | Reached skill level 1 in Armour
  1396 | D:2      | Reached XP level 4. HP: 16/27 MP: 4/4
  2064 | D:3      | Reached XP level 5. HP: 31/32 MP: 5/5
  2071 | D:3      | Found a blossoming altar of Fedhas.
  2143 | D:3      | Reached skill level 5 in Short Blades
  3016 | D:4      | Noticed Robin
  3038 | D:3      | HP: 1/32 [poisoned by a scorpion]
  3041 | D:3      | Succumbed to a scorpion's poison

Levels and vault maps discovered:
D:1:      saegor_arrival_simple_d, layout_basic
D:2:      layout_basic, kennysheep_generic_room_5, uniq_jessica
D:3:      layout_loops_ring, fedhas_ov_isle_minmay
D:4:      layout_cave_pools, grunt_dithmenos_smoke, serial_column_ruins,
          column_ruins_courtyard_long, column_ruins_grid_1,
          column_ruins_columns_corner, column_ruins_grid_1, minivault_25,
          uniq_robin, uniq_menkaure, uniq_blork_the_orc

Skill      XL: |  1  2  3  4  5 |
---------------+----------------+-----
Stealth        | 1 2 3 |  3.0
Dodging        | 4 |  4.6
Armour         | 1 |  1.6
Fighting       | 3 |  3.4
Short Blades   | 5 |  5.1
Throwing       | |  2.1

Action                   |  1- 3 |  4- 6 || total
-------------------------+-------+-------++-------
Melee: Rapier            |   111 |   131 ||   242
Throw: Throwing net      |       |     4 ||     4
  Use: Potion            |       |     6 ||     6
 Stab: Sleeping          |     1 |     5 ||     6
       Held in net/web   |       |     2 ||     2
  Eat: Chunk             |     6 |     9 ||    15
Armor: Leather armour    |    31 |    23 ||    54
Dodge: Dodged            |    89 |   120 ||   209

Table legend:
 A = Non-vault XP
 B = Vault XP
 C = Vault XP percentage of total XP
 D = Non-vault monster count
 E = Vault monster count
 F = Vault count percentage of total count
                 A         B        C        D         E       F
            +---------+---------+-------+---------+---------+-------
      Total |     225 |      39 |  14.8 |      59 |       3 |   4.8
            +---------+---------+-------+---------+---------+-------
        D:1 |      41 |       0 |   0.0 |      17 |       0 |   0.0
        D:2 |      29 |      39 |  57.4 |      15 |       3 |  16.7
        D:3 |     155 |       0 |   0.0 |      27 |       0 |   0.0
            +---------+---------+-------+---------+---------+-------
